 Dungeon Crawl Stone Soup version 0.29.1-15-g9cfb28693d (webtiles) character file.

Game seed: 4740649731276691696

102 leafyfresh the Sneak (level 4, -1/33 HPs)
             Began as an Octopode Delver on Feb 25, 2023.
             Slain by a black bear (7 damage)
             ... on level 4 of the Dungeon.
             The game lasted 00:01:26 (530 turns).

leafyfresh the Sneak (Octopode Delver)               Turns: 530, Time: 00:01:27

Health: -1/33      AC:  1    Str: 11    XL:     4   Next: 78%
Magic:  4/4        EV: 13    Int: 14    God:
Gold:   40         SH:  0    Dex: 13    Spells: 3/3 levels left

rFire   . . .      SeeInvis .   a - +0 short sword
rCold   . . .      Faith    .   (no shield)
rNeg    . . .      Spirit   .   (helmet restricted)
rPois   .          Reflect  .   (no amulet)
rElec   .          Harm     .   (no ring)
rCorr   .          Rampage  .   (no ring)
Will    .....                   (no ring)
Stlth   ++++......              (no ring)
HPRegen 0.11/turn               (no ring)
MPRegen 0.09/turn               (no ring)
                                (no ring)
                                (no ring)

@: lethally poisoned (-1 -> -3)
A: almost no armour, amphibious, 8 rings, camouflage 1, gelatinous body 1,
(nimble swimmer 1), tentacles
a: no special abilities


You were on level 4 of the Dungeon.
You visited 1 branch of the dungeon, and saw 3 of its levels.

You collected 40 gold pieces.

Inventory:

Hand Weapons
 a - a +0 short sword (weapon)
Wands
 f - a wand of digging (3)
Scrolls
 b - a scroll of fog
 c - a scroll of magic mapping
 d - a scroll of fear
Potions
 e - a potion of haste
 g - 2 potions of magic {unknown}
 h - a potion of curing {unknown}


   Skills:
 + Level 3.7 Fighting
 + Level 2.9 Short Blades
 + Level 2.9 Dodging
 + Level 7.3 Stealth


You had 3 spell levels left.
You didn't know any spells.
Your spell library was empty.

Dungeon Overview and Level Annotations

Branches:
Dungeon (5/15)
 Temple: D:4-7

Altars:

Shops:
D:5 *

Annotations:
D:5 Duvessa


Innate Abilities, Weirdness & Mutations

You cannot wear most types of armour.
You are amphibious.
You can wear up to eight rings at the same time.
Your skin changes colour to match your surroundings (Stealth+).
Your rubbery body absorbs attacks. (AC +1, EV +1)
((You are camouflaged when in or above water. (Stealth+)))
You have tentacles for arms and can constrict up to eight enemies at once.


Message History

You puncture the hound!
You kill the hound!
The adder hisses angrily.
Found Giwanu's Assorted Antiques.
Unknown command.
There is a stone staircase leading up here.
The adder hisses angrily.
You hit the adder but do no damage. You grab the adder.
You constrict the adder. The adder bites you.
You are poisoned.
The adder poisons you!
You barely miss the adder.
The adder is lightly wounded.
You constrict the adder.
You feel sick. The adder bites you.
You hit the adder. You squeeze the adder.
The adder is almost dead.
You constrict the adder.
You kill the adder!
You feel sick.
You feel sick. The adder bites you.
You are more poisoned.
The adder poisons you!
You see here an adder corpse.
The adder attacks as you move away! The adder closely misses you.
You feel sick.
There is a stone staircase leading up, spattered with blood here.
You feel sick. The adder closely misses you. The adder misses you.
You climb upwards.
You feel sick. The black bear closely misses you. x2
The black bear claws you. The black bear completely misses you.
The black bear barely misses you. The black bear claws you.
* * * LOW HITPOINT WARNING * * *
There is a stone staircase leading down here.
Unknown command.
You hit the black bear. Your grab misses the black bear.
The black bear is lightly wounded.
You feel sick. The adder barely misses you.
You closely miss the black bear. You grab the black bear.
The black bear is lightly wounded.
You constrict the black bear.
You feel sick. The black bear bites you!
You die...

...........####.##..#.# ##<
#..#..........#........###..
#.#.....................#..#
#..#.......................##
## ........................#
#......................##
.............†........
.........S............
.......@h............
.....................
.....................
................$....
.....................
.$...................
.....................
.................$...
.................


You could see a black bear and an adder.

Vanquished Creatures
  2 hounds
  An iguana (D:4)
  An adder (D:5)
  2 endoplasms (D:4)
  A hobgoblin (D:4)
  A kobold (D:3)
8 creatures vanquished.

Notes
Turn   | Place    | Note
-------+----------+-------------------------------------------
     0 | D:5      | leafyfresh the Octopode Delver began the quest for the Orb.
     0 | D:5      | Reached XP level 1. HP: 16/16 MP: 1/1
   127 | D:3      | Noticed a scorpion
   138 | D:4      | Noticed a hound
   187 | D:4      | Noticed an iguana
   190 | D:4      | Killed an iguana
   191 | D:4      | Reached XP level 2. HP: 21/21 MP: 2/2
   191 | D:4      | Reached XP level 3. HP: 26/26 MP: 3/3
   381 | D:4      | Reached skill level 7 in Stealth
   388 | D:4      | Reached XP level 4. HP: 17/31 MP: 4/4
   507 | D:4      | Noticed a black bear
   517 | D:5      | Noticed Duvessa
   520 | D:5      | Found Giwanu's Assorted Antiques.
   530 | D:4      | Slain by a black bear

Illustrated notes

Levels and vault maps discovered:
D:3:      layout_rooms
D:4:      layout_layer_cave, overflow_temple_1_default, uniq_edmund
D:5:      layout_rooms, serial_shops, kennysheep_little_box, shop_statue,
          nicolae_shop_crystal, shop, uniq_duvessa

Skill      XL: |  1  2  3 |
---------------+----------+-----
Stealth        | 7 |  7.3
Fighting       | |  3.7
Short Blades   | |  2.9
Dodging        | |  2.9

Action                   |  1- 3 |  4- 6 || total
-------------------------+-------+-------++-------
Melee: Short sword       |    11 |     9 ||    20
       Tentacles         |     4 |     1 ||     5
       Constrict         |     3 |     2 ||     5
       Punch             |     1 |       ||     1
 Stab: Sleeping          |     1 |     1 ||     2
Armor: Skin              |     1 |       ||     1
Dodge: Dodged            |     5 |     8 ||    13
